 Dungeon Crawl Stone Soup version 0.31-a0-1447-g87ca8d402b (webtiles) character file.

Game seed: 16023927566829219118

292048 BoomBoss the Slayer (level 19, -5/195 HPs)
             Began as a Minotaur Berserker on Dec 27, 2023.
             Was a High Priest of Trog.
             Slain by an imperial myrmidon
             ... wielding a +0 scimitar
              (13 damage)
             ... in the Desolation of Salt on Dec 28, 2023.
             The game lasted 01:19:04 (37143 turns).

BoomBoss the Slayer (Minotaur Berserker)           Turns: 37143, Time: 01:19:05

Health: -5/195     AC: 37    Str: 36    XL:     19   Next: 97%
Magic:  18/18      EV: 20    Int:  4    God:    Trog [*****.]
Gold:   1800       SH:  0    Dex: 19    Spells: 18/18 levels left

rFire   + . .        r - +3 great mace of Musymp {flame, ^Fragile Str+9}
rCold   . . .        (shield currently unavailable)
rNeg    . . .        k - +5 plate armour {rC+}
rPois   +            (helmet restricted)
rElec   +            o - +2 cloak
rCorr   .            i - +2 pair of gloves {Dex+3}
SInv    .            G - +2 pair of boots
Will    .....        s - amulet of regeneration Stlth
                     t - ring of poison resistance
HPRegen 1.32/turn    W - ring of Hard Scrabble {Fire rElec Dex+3}
MPRegen 0.16/turn

%: no passive effects
@: confused, weak-willed, slowed, very slow
A: horns 2, retaliatory headbutt
}: 2/15 runes: serpentine, barnacled
a: Renounce Religion, Berserk, Trog's Hand, Brothers in Arms


You were in the Desolation of Salt.
You worshipped Trog.
Trog was extremely pleased with you.
You visited 6 branches of the dungeon, and saw 32 of its levels.
You also visited: Ice Cave and Desolation.

You collected 3218 gold pieces.
You spent 1418 gold pieces at shops.

Inventory:

Hand Weapons
 h - the +5 Lochaber axe {reach-cleave, Poleaxe ^Drain}
   (You found it in the Desolation of Salt)

   Poleaxe:   It uses either Axes or Polearms skill, whichever is higher.
   ^Drain:    It drains your maximum health when unequipped.
 r - the +3 great mace of Musymp (weapon) {flame, ^Fragile Str+9}
   (You took it off an ettin on level 14 of the Dungeon)

   Str+9:     It affects your strength (+9).
   ^Fragile:  It will be destroyed if unequipped.
 N - a +7 heavy flail
Missiles
 n - 5 throwing nets
Armour
 i - a +2 pair of gloves of dexterity (worn)
 k - a +5 plate armour of cold resistance (worn)
 o - a +2 cloak (worn)
 G - a +2 pair of boots (worn)
Jewellery
 a - a ring of resist corrosion
 d - an amulet of reflection
 f - a +6 ring of dexterity
 j - the amulet of Vojehir {^Contam rElec Will+ Regen+}
   (You found it in the Desolation of Salt)

   [amulet of regeneration]

   rElec:     It insulates you from electricity.
   Will+:     It increases your willpower.
   ^Contam:   It causes magical contamination when unequipped.
   Regen+:    It increases your rate of health regeneration.
 l - a +5 ring of evasion
 s - an amulet of regeneration (around neck)
 t - a ring of poison resistance (left hand)
 u - a ring of see invisible
 R - an amulet of magic regeneration
 W - the ring of Hard Scrabble (right hand) {Fire rElec Dex+3}
   (You found it on level 5 of the Lair of Beasts)

   [ring of fire]

   Fire:      It enhances your fire magic.
   Dex+3:     It affects your dexterity (+3).
   rF+:       It protects you from fire.
   rC-:       It makes you vulnerable to cold.
   rElec:     It insulates you from electricity.
 Z - a +6 ring of dexterity
Wands
 e - a wand of flame (57)
 w - a wand of mindburst (36)
 B - a wand of roots (22)
 F - a wand of light (21)
 Q - a wand of charming (15)
 X - a wand of polymorph (3)
 Y - a wand of digging (7)
Scrolls
 b - 7 scrolls of silence
 c - a scroll of torment
 g - 4 scrolls of blinking
 x - 2 scrolls of fog
 y - 7 scrolls of teleportation
 C - 2 scrolls of fear
 D - a scroll of summoning
 E - a scroll of poison
 L - 2 scrolls of vulnerability
 P - 15 scrolls of identify
 T - 2 scrolls of enchant weapon
Potions
 m - a potion of berserk rage
 p - 4 potions of ambrosia
 q - 2 potions of lignification
 v - 4 potions of magic
 z - a potion of resistance
 A - 4 potions of mutation
 I - a potion of invisibility
 J - 2 potions of might
 M - 5 potions of attraction
 S - a potion of enlightenment
 V - 2 potions of brilliance


   Skills:
 + Level 23.2 Fighting
 - Level 5.5(14.2) Axes
 - Level 20.1(20.3) Maces & Flails
 + Level 22.1 Armour
 + Level 18.3 Dodging
 - Level 10.4 Shields


You had 18 spell levels left.
You didn't know any spells.
Your spell library was empty.

Dungeon Overview and Level Annotations

Branches:
Dungeon (15/15)            Temple (0/1) D:4            Lair (5/5) D:11
 Shoals (4/4) Lair:2        Snake (4/4) Lair:2        Slime (0/5) Lair:5
    Orc (2/2) D:9             Elf (0/3) Orc:2        Vaults (2/5) D:13
 Depths (0/4) D:15          IceCv (visited)         Desolation (1/1)
  Crypt: Vaults:2-3

Altars:
Cheibriados
Hepliaklqana
Kikubaaqudgha
Makhleb
Nemelex Xobeh
Qazlal
Sif Muna
Vehumet
Yredelemnul
The Shining One
Jiyva
Lugonu

Shops:
D:8 =(   D:13 *   Orc:2 !:(?   Snake:1 :   Snake:2 *   Vaults:1 [   Vaults:2 :

Annotations:
Lair:1 3 runed translucent doors, crawlacc's ghost, journeyman MiFi
Lair:5 exclusion: 4 oklob plants


Innate Abilities, Weirdness & Mutations

You have a pair of horns on your head.
You reflexively headbutt those who attack you in melee.


Message History

You are more confused.
The ironbound convoker begins to recite a word of recall!
The imperial myrmidon hits you but does no damage.
Unknown command.
The imperial myrmidon attacks as it pursues you!
The imperial myrmidon hits you with a +0 scimitar.
* * * LOW HITPOINT WARNING * * *
The imperial myrmidon attacks as it pursues you!
The imperial myrmidon hits you but does no damage.
The imperial myrmidon hits you with a +0 scimitar.
* * * LOW HITPOINT WARNING * * *
The saltling misses you.
Unknown command.
Unknown command.
The imperial myrmidon is recalled away.
The imperial myrmidon attacks as it pursues you!
The imperial myrmidon closely misses you.
The imperial myrmidon attacks as it pursues you!
The imperial myrmidon hits you but does no damage.
The imperial myrmidon hits you with a +0 scimitar!
* * * LOW HITPOINT WARNING * * *
The imperial myrmidon hits you but does no damage.
The saltling closely misses you.
Unknown command.
Unknown command.
You're too confused to move!
The saltling completely misses you.
A servant of whispers comes into view. It is wielding a +0 club.
The imperial myrmidon hits you with a +0 scimitar.
* * * LOW HITPOINT WARNING * * *
The saltling barely misses you.
The imperial myrmidon hits you with a +1 scimitar of flaming!
* * * LOW HITPOINT WARNING * * *
The imperial myrmidon burns you.
* * * LOW HITPOINT WARNING * * *
Unknown command.
You hit the saltling. You burn the saltling. You headbutt the saltling!!
The saltling is almost destroyed.
The saltling hits you but does no damage.
The imperial myrmidon hits you with a +0 scimitar!
You die...

,,,,,,,###.#...#*,,#.p*##........
,,,,,,,###.....##,,*9.,.#........
,,,,,,####......##,,,[#..........
,,,,,#####.......##,,#...........
,,,,######§.....§.####p.......,..
,,,#######.....§§§§#p.9.......,,.
,,,#######§..§§§§§§p§§9§§§§§§.,,,
,,,#######§..§§§a9a§§§§§§§..,,,,,
,,,#######§§.§§.@§a§§.§§§§§§§,,,,
,,,#######§.§§§§a9§§.§.§..§,,,,,,
,,,#######§..§§§#§§.§§§.§§.§,,,,,
,,,#######...§§.§.....§.....,,,,,
,,,#######....§..........§..,,,,,
,,,#######.................,,,,,,
,,,#######.............8,,,,,,,,,
,,,#######..............,,,,,,,,,
,,,#######..#..§...,,,8,,,,,,,,,,


You could see a servant of whispers, 3 imperial myrmidons, an ironbound convoker
(catching breath) and 2 saltlings.

Vanquished Creatures
  Saint Roka (Snake:3)
  Nikola (Snake:3)
  An Ice Fiend (IceCv)
  Zenata (Vaults:2)
  3 sphinxes (Shoals:4)
  The ghost of Gnu the Warrior, an adept DsBe of Trog (Shoals:3)
  2 tengu reavers (Vaults:1)
  Kirke (Shoals:1)
  9 nagarajas
  A fire giant (D:15)
  6 vault wardens
  2 angels (Vaults:1)
  2 imperial myrmidons (Desolation)
  4 orc warlords
  5 ironbound preservers (Vaults:1)
  An ironbound thunderhulk (Vaults:1)
  The ghost of Pegamuym the Eclecticist, a journeyman DjCj of Ashenzari (D:14)
  A halazid warlock (Desolation)
  2 ettins
  5 merfolk impalers
  Josephine (Orc:2)
  5 yaktaur captains
  2 merfolk javelineers
  4 ragged hierophants (Desolation)
  9 peacekeepers
  A servant of whispers (Desolation)
  Erolcha (Orc:2)
  3 great orbs of eyes (Vaults:1)
  A salamander tyrant (Snake:4)
  A caustic shrike simulacrum (IceCv)
  7 hydras
  8 vault guards
  4 boulder beetles
  An ogre mage (D:13)
  7 anacondas
  3 alligator snapping turtles
  3 centaur warriors
  2 ironbound frosthearts (Vaults:1)
  2 catoblepae (Lair:5)
  3 merfolk avatars
  8 two-headed ogres
  5 merfolk aquamancers
  6 death yaks
  25 naga warriors
  12 satyrs
  A tengu warrior (D:13)
  9 shock serpents
  An orc high priest (Vaults:1)
  6 naga sharpshooters
  A deep elf knight (D:13)
  4 skysharks
  9 salamander mystics
  13 sea snakes
  6 naga ritualists
  16 deep trolls
  6 spriggan simulacra (IceCv)
  2 arcanists (Vaults:1)
  A deep elf archer (D:13)
  A phantasmal warrior (Snake:4)
  An obsidian statue (IceCv)
  A bog body (IceCv)
  4 lindwurms
  8 ironbound convokers
  6 orc knights
  17 harpies
  11 orc sorcerers
  10 mana vipers
  8 ugly things
  8 cyclopes
  19 fauns
  22 salamanders
  3 meliai (D:13)
  11 merfolk sirens
  42 black mambas
  19 guardian serpents
  4 vault sentinels
  18 manticores
  6 elephants (Lair:3)
  2 molten gargoyles (Lair:5)
  21 naga magi
  7 water nymphs
  11 cane toads
  Maggie (D:9)
  2 rime drakes
  A spectral sea snake (Shoals:3)
  2 kobold demonologists (D:11)
  An unseen horror (D:11)
  16 yaktaurs
  3 freezing wraiths (IceCv)
  An anaconda simulacrum (IceCv)
  2 spectral nagas (Snake:4)
  8 komodo dragons
  4 wind drakes
  6 trolls
  A tengu conjurer (D:13)
  4 polar bears
  10 ice devils (IceCv)
  30 merfolk
  Grinder (D:6)
  20 saltlings (Desolation)
  An alligator simulacrum (IceCv)
  A spectral manticore (Shoals:3)
  7 dream sheep
  4 snapping turtles
  7 slime creatures
  11 water elementals
  A shadow (D:13)
  5 wraiths
  3 wyverns
  2 vampires
  2 hogs (Shoals:1)
  A human (D:13)
  A dire elephant simulacrum (IceCv)
  3 wargs
  52 yaks
  5 steam dragons
  6 basilisks
  A sea snake simulacrum (Shoals:3)
  7 vampire mosquitoes
  3 harpy simulacra
  8 minotaur simulacra (IceCv)
  An acid dragon (D:12)
  45 nagas
  Edmund (D:5)
  A spectral snapping turtle (Shoals:3)
  A hydra simulacrum (IceCv)
  17 water moccasins
  4 hell hounds (Lair:5)
  A hornet zombie (D:5)
  A meliai simulacrum (D:14)
  A sky beast (D:8)
  22 orc warriors
  5 black bears
  A black bear (shapeshifter) (D:14)
  A centaur (D:7)
  5 boggarts (D:15)
  14 ogres
  4 wolves (Lair:5)
  2 phantoms
  4 kobold brigands
  9 bullfrogs
  2 gnoll sergeants (D:8)
  A water moccasin zombie (D:5)
  9 deep troll simulacra (IceCv)
  5 scorpions
  A water nymph simulacrum (Shoals:3)
  10 wights
  9 killer bees
  A snapping turtle simulacrum (Shoals:3)
  3 merfolk simulacra (Shoals:3)
  A vampire bat (Lair:4)
  5 howler monkeys
  6 electric eels
  A bullfrog zombie (D:5)
  6 lava snakes (Lair:5)
  Crazy Yiuf (D:2)
  3 hounds
  2 jellies
  11 orc priests
  Jessica (D:2)
  4 iguanas
  36 orc wizards
  A hound zombie (D:5)
  A howler monkey zombie (D:5)
  Robin (D:2)
  15 gnolls
  3 adders
  2 ufetubi (D:5)
  2 dart slugs (D:5)
  85 orcs
  11 bats
  8 endoplasms
  2 giant cockroaches
  7 hobgoblins
  12 kobolds
  3 quokkas
  6 ball pythons
  3 frilled lizards
  11 goblins
  3 rats (D:2)
1187 creatures vanquished.

Vanquished Creatures (collateral kills)
  Jorgrun (Orc:1)
  An ironbound preserver (Vaults:2)
  A fire dragon (Lair:5)
  A merfolk javelineer (Shoals:2)
  A yaktaur captain (Vaults:2)
  2 vault guards (Vaults:2)
  A servant of whispers (Desolation)
  2 hydras (Lair:5)
  An anaconda (Snake:3)
  An ironbound frostheart (Vaults:1)
  4 naga warriors
  2 death yaks (Lair:5)
  A mana viper (Snake:3)
  3 ugly things (D:14)
  An orc sorcerer (Orc:2)
  A naga mage (Snake:4)
  A faun (Shoals:4)
  A molten gargoyle (Lair:5)
  2 rime drakes (Lair:5)
  3 yaktaurs
  A freezing wraith (IceCv)
  A spectral naga (Snake:4)
  2 merfolk (Shoals:2)
  3 saltlings (Desolation)
  A snapping turtle (Shoals:2)
  A basilisk (Lair:5)
  A hydra simulacrum (IceCv)
  An orc warrior (Snake:3)
  An ogre (Snake:3)
  5 orc wizards (Orc:2)
  5 orcs
53 creatures vanquished.

Vanquished Creatures (others)
  A sphinx (Shoals:4)
  A naga mage (Snake:1)
  A naga (Snake:4)
  An orc wizard (Orc:2)
  An orc (D:9)
5 creatures vanquished.

Grand Total: 1245 creatures vanquished

Notes
Turn   | Place    | Note
-------+----------+-------------------------------------------
     0 | D:1      | BoomBoss the Minotaur Berserker began the quest for the
                  | Orb.
     0 | D:1      | Reached XP level 1. HP: 19/19 MP: 0/0
   275 | D:1      | Reached XP level 2. HP: 25/26 MP: 1/1
  1032 | D:2      | Noticed Jessica
  1044 | D:2      | HP: 1/27 [Jessica/nerve-wracking pain (11)]
  1053 | D:2      | Killed Jessica
  1054 | D:2      | Reached skill level 4 in Fighting
  1054 | D:2      | Reached XP level 3. HP: 17/33 MP: 2/2
  1265 | D:2      | Reached skill level 5 in Axes
  1274 | D:2      | Reached XP level 4. HP: 28/40 MP: 3/3
  1505 | D:2      | Noticed Robin
  1506 | D:2      | Reached ** piety under Trog
  1514 | D:2      | Killed Robin
  1591 | D:2      | Found a runed translucent door.
  1592 | D:2      | Noticed Crazy Yiuf
  1798 | D:2      | Identified the +5 chain mail of the Monk {rN+ Int+3}
  1895 | D:2      | Reached XP level 5. HP: 14/47 MP: 4/4
  2238 | D:2      | Killed Crazy Yiuf
  2625 | D:3      | Reached skill level 5 in Fighting
  2625 | D:3      | Reached skill level 1 in Maces & Flails
  2982 | D:3      | Found a burning altar of Makhleb.
  3021 | D:3      | Found a glowing golden altar of the Shining One.
  3213 | D:4      | Reached XP level 6. HP: 56/56 MP: 5/5
  3334 | D:4      | Found a staircase to the Ecumenical Temple.
  3770 | D:5      | Entered Level 5 of the Dungeon
  3825 | D:5      | Reached skill level 5 in Armour
  4069 | D:5      | Reached skill level 6 in Fighting
  4116 | D:5      | Reached XP level 7. HP: 63/63 MP: 6/6
  4136 | D:5      | Reached *** piety under Trog
  4271 | D:5      | Found a stormy altar of Qazlal.
  4304 | D:5      | Noticed Edmund
  4316 | D:5      | Killed Edmund
  4317 | D:5      | Reached skill level 7 in Fighting
  4420 | D:5      | Reached skill level 5 in Maces & Flails
  4550 | D:5      | Reached XP level 8. HP: 73/73 MP: 7/7
  4554 | D:5      | Found a basalt altar of Yredelemnul.
  4749 | D:6      | Noticed Grinder
  4754 | D:6      | Paralysed by Grinder for 2 turns
  4763 | D:6      | Paralysed by Grinder for 2 turns
  4766 | D:6      | Killed Grinder
  5014 | D:6      | Reached skill level 8 in Fighting
  5637 | D:7      | Reached XP level 9. HP: 78/82 MP: 8/8
  5658 | D:7      | Reached skill level 9 in Fighting
  6161 | D:7      | Found a sparkling altar of Nemelex Xobeh.
  6355 | D:8      | Found Icsit's Firing Range.
  6440 | D:8      | Found Niwn's One-of-a-Kind Rings.
  6518 | D:8      | Reached **** piety under Trog
  6662 | D:8      | Reached skill level 10 in Maces & Flails
  7099 | D:9      | Found an ancient bone altar of Kikubaaqudgha.
  7165 | D:9      | Noticed a two-headed ogre
  7172 | D:9      | Killed a two-headed ogre
  7173 | D:9      | Reached XP level 10. HP: 91/91 MP: 9/9
  8008 | D:9      | Noticed Maggie
  8009 | D:9      | Identified the orb "Maotrui" {*Rage, *Slow rF++ Dex-5 SInv}
  8019 | D:9      | Killed Maggie
  8265 | D:9      | Found a staircase to the Orcish Mines.
  8344 | D:10     | Entered Level 10 of the Dungeon
  8688 | D:10     | Found a snail-covered altar of Cheibriados.
  9216 | D:11     | Reached skill level 1 in Shields
  9262 | D:11     | Reached XP level 11. HP: 88/99 MP: 10/10
  9266 | D:11     | Reached skill level 10 in Fighting
  9282 | D:11     | Noticed a two-headed ogre
  9289 | D:11     | Killed a two-headed ogre
  9552 | D:11     | Found a staircase to the Lair.
  9624 | D:11     | Reached ***** piety under Trog
  9788 | D:11     | Reached skill level 10 in Armour
 10224 | Lair:1   | Entered Level 1 of the Lair of Beasts
 10250 | Lair:1   | Reached skill level 5 in Shields
 10269 | Lair:1   | Found a runed translucent gate.
 10269 | Lair:1   | Found a runed translucent gate.
 10271 | Lair:1   | Found a runed translucent gate.
 10274 | Lair:1   | Found a viscous altar of Jiyva.
 10274 | Lair:1   | Noticed a great orb of eyes
 10274 | Lair:1   | Noticed crawlacc's ghost (journeyman MiFi)
 10298 | Lair:1   | Reached skill level 11 in Fighting
 10375 | Lair:1   | Noticed a skyshark
 10384 | Lair:1   | Killed a skyshark
 10920 | Lair:1   | You fall into a shaft and drop 1 floor!
 10939 | Lair:2   | Found a staircase to the Snake Pit.
 10989 | Lair:2   | Reached skill level 12 in Fighting
 11012 | Lair:2   | Reached XP level 12. HP: 75/112 MP: 11/11
 11388 | Lair:2   | Found a staircase to the Shoals.
 11404 | Lair:2   | Received a gift from Trog
 11710 | Lair:2   | Reached skill level 13 in Fighting
 12910 | Lair:3   | Noticed a death yak
 12912 | Lair:3   | Noticed a death yak
 12913 | Lair:3   | Noticed a death yak
 12921 | Lair:3   | Killed a death yak
 12922 | Lair:3   | Reached skill level 14 in Fighting
 12926 | Lair:3   | Killed a death yak
 12927 | Lair:3   | Reached skill level 5 in Dodging
 12929 | Lair:3   | Killed a death yak
 13259 | Lair:4   | Noticed a five-headed hydra
 13267 | Lair:4   | Killed a five-headed hydra
 13268 | Lair:4   | Reached XP level 13. HP: 108/124 MP: 12/12
 13894 | Lair:5   | Entered Level 5 of the Lair of Beasts
 14030 | Lair:5   | Identified the ring of Hard Scrabble {Fire rElec Dex+3}
 14244 | Lair:5   | Reached skill level 15 in Fighting
 14334 | Lair:5   | Received a gift from Trog
 14338 | Lair:5   | Reached skill level 15 in Armour
 14584 | Lair:5   | Found a staircase to the Slime Pits.
 15272 | Lair:5   | Reached XP level 14. HP: 79/136 MP: 13/13
 15317 | Lair:5   | Found a large runed translucent door.
 15319 | Lair:5   | Found a large runed translucent door.
 15880 | Lair:5   | Reached skill level 16 in Fighting
 16274 | Orc:1    | Entered Level 1 of the Orcish Mines
 16334 | Orc:1    | Noticed an orc warlord
 16344 | Orc:1    | Killed an orc warlord
 16490 | Orc:1    | Noticed Jorgrun
 16505 | Orc:1    | Killed Jorgrun
 16596 | Orc:1    | Noticed an orc warlord
 16613 | Orc:1    | Killed an orc warlord
 16989 | Orc:2    | Entered Level 2 of the Orcish Mines
 17024 | Orc:2    | Noticed Josephine
 17040 | Orc:2    | Killed Josephine
 17203 | Orc:2    | Found a staircase to the Elven Halls.
 17329 | Orc:2    | Reached skill level 10 in Dodging
 17340 | Orc:2    | Found Jecwid's Antique Weapon Shop.
 17349 | Orc:2    | Found Zonam's Distillery.
 17400 | Orc:2    | Found a radiant altar of Vehumet.
 17401 | Orc:2    | Noticed Erolcha
 17405 | Orc:2    | Paralysed by an orc sorcerer for 5 turns
 17583 | Orc:2    | Found an ancient bone altar of Kikubaaqudgha.
 17619 | Orc:2    | Killed Erolcha
 17637 | Orc:2    | Found Eheiq's Magic Scroll Boutique.
 17658 | Orc:2    | Found Imiwoar's Book Shop.
 18208 | D:12     | Reached skill level 17 in Fighting
 19281 | Orc:2    | Bought a scroll of identify for 22 gold pieces
 19281 | Orc:2    | Bought a scroll of identify for 22 gold pieces
 19281 | Orc:2    | Bought a scroll of identify for 22 gold pieces
 19281 | Orc:2    | Bought a scroll of identify for 22 gold pieces
 19281 | Orc:2    | Bought a scroll of teleportation for 33 gold pieces
 19558 | D:13     | Found Kuthy's Elemental Accessories.
 20018 | D:13     | Found a gate to the Vaults.
 20519 | D:14     | Reached XP level 15. HP: 134/147 MP: 14/14
 20623 | D:14     | Identified the +5 ring mail of Qosch {rF+}
 20665 | D:14     | Found a corrupted altar of Lugonu.
 20888 | D:14     | Reached skill level 10 in Shields
 20942 | D:14     | Noticed Pegamuym's ghost (journeyman DjCj)
 20946 | D:14     | Identified the +3 great mace of Musymp {flame, ^Fragile
                  | Str+9}
 20947 | D:14     | Found a transporter.
 20954 | D:14     | Found a transporter.
 20980 | D:14     | Reached skill level 18 in Fighting
 20997 | D:14     | Killed Pegamuym's ghost
 21703 | D:15     | Entered Level 15 of the Dungeon
 21877 | D:15     | Found a staircase to the Depths.
 21877 | D:15     | Noticed a fire giant
 21889 | D:15     | Killed a fire giant
 22065 | D:15     | Found a hazy altar of Hepliaklqana.
 22132 | D:15     | Reached skill level 15 in Maces & Flails
 22256 | D:15     | Received a gift from Trog
 22341 | D:15     | Identified the +1 helmet "Xaetiuf" {Str+2 Stlth+}
 22890 | Snake:1  | Entered Level 1 of the Snake Pit
 22893 | Snake:1  | Found Xiulil's Book Shoppe.
 23650 | Snake:1  | Found a shimmering blue altar of Sif Muna.
 24005 | Snake:2  | Found Qaevyesk's General Store.
 24016 | Snake:2  | Bought a scroll of enchant armour for 90 gold pieces
 24528 | Snake:2  | Received a gift from Trog
 24844 | Snake:2  | Reached XP level 16. HP: 157/157 MP: 15/15
 25303 | Snake:3  | Noticed Saint Roka
 25328 | Snake:3  | Killed Saint Roka
 25527 | Snake:3  | Noticed Nikola
 25537 | Snake:3  | Killed Nikola
 25572 | Snake:3  | Found a frozen archway.
 25610 | IceCv    | Entered an ice cave
 25726 | IceCv    | Identified the +5 flail of Dissent {flame, *Slow Fly Str+3}
                  | (Trog gifted it to you in an ice cave)
 25726 | IceCv    | Received a gift from Trog
 26100 | IceCv    | Noticed an Ice Fiend
 26131 | IceCv    | Killed an Ice Fiend
 26139 | IceCv    | Identified the +0 pair of gloves "Peffon" {Int+6 Dex-2}
 26942 | Snake:4  | Entered Level 4 of the Snake Pit
 27251 | Snake:4  | Reached skill level 19 in Fighting
 27280 | Snake:4  | Reached XP level 17. HP: 49/168 MP: 16/16
 28979 | Snake:4  | Reached skill level 20 in Fighting
 29227 | Snake:4  | Got a serpentine rune of Zot
 29873 | Shoals:1 | Entered Level 1 of the Shoals
 29878 | Shoals:1 | Noticed Kirke
 29890 | Shoals:1 | Killed Kirke
 30127 | Shoals:1 | Reached skill level 15 in Dodging
 30690 | Shoals:2 | Reached XP level 18. HP: 123/180 MP: 17/17
 31975 | Shoals:3 | Reached skill level 21 in Fighting
 32229 | Shoals:3 | Received a gift from Trog
 32399 | Shoals:3 | Found a runed translucent gate.
 32400 | Shoals:3 | Found a runed translucent gate.
 32401 | Shoals:3 | Found a runed translucent gate.
 32403 | Shoals:3 | Noticed Gnu's ghost (adept DsBe)
 32756 | Shoals:3 | Killed Gnu's ghost
 32844 | Shoals:4 | Entered Level 4 of the Shoals
 32857 | Shoals:3 | Identified the +1 helmet of Relativism {Dex+3}
 33064 | Shoals:4 | Identified the staff of Deatexar {rC+ Int+5 Ice}
 33324 | Shoals:4 | Received a gift from Trog
 33553 | Shoals:4 | Got a barnacled rune of Zot
 33615 | Shoals:4 | Identified the +2 helmet of the Gate {rPois Str+3}
 34137 | Vaults:1 | Entered Level 1 of the Vaults
 34157 | Vaults:1 | Found Gautsas's Antique Armour Emporium.
 34160 | Vaults:1 | Bought a pair of runed gloves for 255 gold pieces
 34160 | Vaults:1 | Bought a slimy plate armour for 952 gold pieces
 34160 | Vaults:1 | Identified the +4 plate armour "Daxtimn" {+Inv rElec} (You
                  | bought it in a shop on level 1 of the Vaults)
 34201 | Vaults:1 | Reached XP level 19. HP: 191/191 MP: 18/18
 34212 | Vaults:1 | Reached skill level 22 in Fighting
 35225 | Vaults:1 | Found a runed gate.
 35225 | Vaults:1 | Found a runed gate.
 35225 | Vaults:1 | Found a runed gate.
 35477 | Vaults:1 | HP: 6/193 [sun demon[an orc sorcerer] (7)]
 35477 | Vaults:1 | HP: 1/193 [orc warlord/+0 glaive (5)]
 35940 | Vaults:1 | Found a glowing golden altar of the Shining One.
 36002 | Vaults:2 | Noticed Zenata
 36017 | Vaults:2 | Killed Zenata
 36439 | Vaults:2 | Found Femedgho's Book Shop.
 36506 | Vaults:2 | HP: 8/193 [vault warden/+2 dire flail of protection (5)]
 36515 | Vaults:2 | HP: 9/193 [vault guard/+0 broad axe (9)]
 36610 | Vaults:2 | Found a crumbling gateway.
 36625 | Desolati | Entered the Desolation of Salt
 36690 | Desolati | Reached skill level 23 in Fighting
 36895 | Desolati | Found the +5 Lochaber axe {reach-cleave, Poleaxe ^Drain}
 36900 | Desolati | Identified the staff of the Immovable Prophets {rElec rCorr
                  | Str+4 Conj Tloc}
 36920 | Desolati | Identified the +4 dagger "Cyesergh" {freeze, rN+ Dex+3}
 36929 | Desolati | Identified the amulet of Vojehir {^Contam rElec Will+
                  | Regen+}
 37012 | Desolati | Received a gift from Trog
 37142 | Desolati | HP: 8/195 [imperial myrmidon/+1 scimitar of flaming (16)]
 37143 | Desolati | Slain by an imperial myrmidon

Illustrated notes

Levels and vault maps discovered:
D:1:      elethiomel_arrival_quiet, layout_basic
D:2:      layout_loops_corners, serial_bayou_pond_d, minmay_pentomino_r4,
          uniq_robin, uniq_crazy_yiuf_cottage, uniq_jessica
D:3:      layout_basic, tso_oasis_becter, bloody_makhleb,
          amcnicky_mini_pool_small
D:4:      layout_loops_ring, minmay_temple_entry_trees
D:5:      layout_basic, kennysheep_little_box, nicolae_yredelemnul_corpse_copse,
          minmay_a_box_with_orc_wizards_in_it, uniq_edmund
D:6:      layout_basic, uniq_grinder
D:7:      layout_cave_pods, nemelex_dance_club_becter, hex_medium,
          moated_statue, minivault_1, serial_bayou_pond_a,
          hangedman_decor_opposing
D:8:      layout_cave_pools, serial_column_ruins, column_ruins_open_tiny,
          column_ruins_grid_1, column_ruins_columns_straight,
          column_ruins_open_tiny, roderic_lattice_a, nicolae_shop_unique_rings,
          nicolae_zen_rock_garden, nicolae_shop_firing_range
D:9:      layout_loops_ring, mainiacjoe_overflow_catwalk, erik_orc_2,
          uniq_maggie
D:10:     layout_gridville, mainiacjoe_overflow_brackets, minmay_liquid_box,
          hangedman_decor_growths, dk_vineyard_3
D:11:     layout_cave_pods, david_lair_shrubbed, minivault_24
D:12:     layout_cave_pools
D:13:     layout_loops_cross, grunt_vaults_entry_fortified,
          serial_library_hellmonk_angled_corner, nicolae_elemental_shop
D:14:     minmay_evil_eye, layout_stronghold, gammafunk_ghost_smash,
          hangedman_abyss_or_decor_passed, nicolae_hexahallways,
          marbit_kobold_abyssish
D:15:     grunt_enter_depths_giant_problem, layout_stronghold,
          nicolae_hepliaklqana_hazy_memory
Lair:1:   layout_loops_ring, gammafunk_ghost_ooze,
          eino_small_chamber_without_monster, gammafunk_lair_bear_cave
Lair:2:   layout_cave_pods, minmay_shoals_entry_lonely_mermaid,
          minmay_snake_entry_six_corridors, minivault_23, nicolae_lair_lil_pond
Lair:3:   layout_cave_pods, nicolae_quartered_pool_little
Lair:4:   layout_regular_city, minmay_holes, roderic_batcave,
          infiniplex_staircase_pool
Lair:5:   cheibrodos_lair_end_hotspot, layout_gridlike,
          minmay_slime_entry_oklob_open, minmay_lair_drake_nest
Shoals:1: layout_shoals, nicolae_shoals_aquamancer_cove, uniq_kirke
Shoals:2: layout_shoals, nicolae_shoals_flooded_hall
Shoals:3: layout_shoals, gammafunk_ghost_necromancy
Shoals:4: shoals_end_hellmonk_lost_city
Snake:1:  layout_misc_corridors, basic_altar, serial_shops, shop,
          guppyfry_library_mini
Snake:2:  layout_misc_corridors, nicolae_stop_n_shop_2, nicolae_snake_snakewalk,
          serial_bayou_shore_b
Snake:3:  layout_gridlike, portal_ice_cave_entry_pillars_1, uniq_nikola,
          uniq_saint_roka
Snake:4:  grunt_snake_rune_serpentine_throne, layout_misc_corridors,
          nicolae_snake_ghostly_warrior_ritual
Orc:1:    layout_caves, mines2_david, uniq_jorgrun
Orc:2:    kennysheep_orc_mage_school, layout_diamond_mine, uniq_erolcha,
          uniq_josephine
Vaults:1: wander_protected_by_tso, grunt_vaults_hallway_short, v_misc_14,
          v_misc_27, nicolae_vaults_twisting_passages, vaults_dpeg_cross,
          nicolae_vaults_bisected_slash, minmay_orc_keep,
          nicolae_vaults_big_angled_halls, nicolae_vaults_trapezoid_1,
          vaults_room_fours, nicolae_vaults_surprise_closet,
          dpeg_vaults_monster_box, layout_vaults_omnicross, serial_shops,
          nicolae_shop_behind_doors
Vaults:2: portal_desolation_entry_twin_temple, nicolae_vaults_more_shelving_2,
          v_misc_33, v_misc_4, nicolae_vaults_heist, nicolae_vaults_diamond_1,
          vaults_standard_mumra_lines, dpeg_vaults_monster_row,
          nicolae_vaults_apartment_1, layout_vaults_chaotic_city, serial_shops,
          shop, shop, shop_statue, nicolae_shop_tiny_glass, uniq_zenata
Desolation

Skill      XL: |  1  2  3  4  5  6  7  8  9 10 11 12 13 14 15 16 17 18 19 |
---------------+----------------------------------------------------------+-----
Axes           | 4 5 |  5.5
Fighting       | 4 5 6 7 8 9 12 14 15 17 18 19 20 21 23 | 23.2
Armour         | 3 4 5 6 8 9 11 13 15 16 17 19 20 22 | 22.1
Maces & Flails | 1 3 5 7 11 14 18 20 | 20.1
Shields        | 2 7 8 9 10 | 10.4
Dodging        | 5 8 11 12 13 15 16 18 | 18.3

Action                     |  1- 3 |  4- 6 |  7- 9 | 10-12 | 13-15 | 16-18 | 19-21 || total
---------------------------+-------+-------+-------+-------+-------+-------+-------++-------
  Melee: Hand axe          |    59 |    54 |       |       |       |       |       ||   113
         Headbutt          |     5 |    27 |    62 |   148 |   168 |   287 |   127 ||   824
         Whip              |       |   107 |   276 |   520 |       |       |       ||   903
         Punch             |       |     3 |     1 |       |       |       |       ||     4
         Flail             |       |       |       |   118 |   811 |     7 |       ||   936
         Great mace        |       |       |       |       |       |  1129 |   411 ||  1540
 Invoke: Berserk           |     2 |     2 |     4 |     5 |     6 |     3 |     1 ||    23
         Trog's Hand       |       |       |     1 |     2 |    11 |    22 |    14 ||    50
         Brothers in Arms  |       |       |       |       |     7 |    13 |     8 ||    28
  Evoke: Wand              |       |     2 |       |     5 |       |     1 |       ||     8
    Use: Potion            |     3 |       |       |       |     7 |    13 |     6 ||    29
         Scroll            |       |     9 |     1 |    12 |    12 |    14 |     5 ||    53
   Stab: Invisible         |       |       |       |       |       |       |     1 ||     1
 Armour: Leather armour    |     9 |       |       |       |       |       |       ||     9
         Plate armour      |    43 |    44 |       |       |       |   564 |   412 ||  1063
         Chain mail        |       |    66 |   175 |   465 |   789 |   494 |       ||  1989
  Dodge: Dodged            |    22 |    39 |    99 |   237 |   576 |  1039 |   383 ||  2395
  Block: Buckler           |       |       |    17 |   144 |   183 |       |       ||   344
         Kite shield       |       |       |       |       |   365 |     1 |       ||   366
         Reflection        |       |       |       |       |    35 |       |       ||    35

Table legend: (Time is in decaauts)
 A = Elapsed time spent in this place.
 B = Non-inter-level travel time spent in this place.
 C = Inter-level travel time spent in this place.
 D = Time resting spent in this place.
 E = Time spent auto-exploring this place.
 F = Levels seen in this place.
 G = Mean time per level.
                   A        B        C        D        E       F      G
               +--------+--------+--------+--------+--------+-----+--------+
         Total |  37062 |  34292 |   2770 |   8263 |  18359 |  34 | 1090.1 |
       Dungeon |  15394 |  13927 |   1467 |   2236 |   9388 |  15 | 1026.3 |
          Lair |   6118 |   5500 |    618 |    955 |   3476 |   5 | 1223.6 |
        Shoals |   4238 |   4031 |    207 |   1193 |   1738 |   4 | 1059.5 |
     Snake Pit |   5854 |   5686 |    168 |   2243 |   1942 |   4 | 1463.5 |
  Orcish Mines |   1777 |   1503 |    274 |    185 |    896 |   2 |  888.5 |
        Vaults |   2390 |   2356 |     34 |   1021 |    685 |   2 | 1195.0 |
      Ice Cave |    796 |    796 |      0 |    259 |    186 |   1 |  796.0 |
    Desolation |    491 |    491 |      0 |    169 |     46 |   1 |  491.0 |
               +--------+--------+--------+--------+--------+-----+--------+

Top non-repeatable levels by time:
  Lair:5: 2186 daAuts
Vaults:1: 2048 daAuts
 Snake:4: 2017 daAuts
 Snake:3: 1544 daAuts
     D:9: 1503 daAuts
     D:2: 1414 daAuts
    D:14: 1320 daAuts
  Lair:2: 1315 daAuts
Shoals:1: 1232 daAuts
    D:12: 1180 daAuts
 Snake:1: 1167 daAuts
Shoals:3: 1146 daAuts
 Snake:2: 1125 daAuts
  Lair:3: 1104 daAuts
    D:11: 1094 daAuts
